 Dungeon Crawl Stone Soup version 0.20-a0-432-g25cc1b4 (webtiles) character file.

95 wazuzu the Insei (level 4, -8/30 HPs)
             Began as an Octopode Transmuter on Jan 2, 2017.
             Killed from afar by Natasha (10 damage)
             ... with a magic dart
             ... on level 3 of the Dungeon.
             The game lasted 00:04:08 (2269 turns).

wazuzu the Insei (Octopode Transmuter)              Turns: 2269, Time: 00:04:10

Health: -8/30      AC:  1    Str:  9    XL:     4   Next: 66%
Magic:  0/7        EV: 13    Int: 15    God:
Gold:   93         SH:  0    Dex: 13    Spells: 6/7 levels left

rFire  . . .     SeeInvis .       - Unarmed
rCold  . . .     Gourm    .     (no shield)
rNeg   . . .     Faith    .     (helmet restricted)
rPois  .         Spirit   +     m - amulet of guardian spirit
rElec  .         Reflect  .     (no ring)
rCorr  .         Harm     .     (no ring)
MR     .....                    (no ring)
Stlth  ++........               (no ring)
                                (no ring)
                                (no ring)
                                (no ring)
                                (no ring)

@: no status effects
A: almost no armour, stealthy swim, amphibious, 8 rings, constrict 8, camouflage
1, gelatinous body 1
a: no special abilities


You were on level 3 of the Dungeon.
You were not hungry.

You visited 1 branch of the dungeon, and saw 3 of its levels.

You collected 93 gold pieces.

Inventory:

Missiles
 a - 27 arrows
Jewellery
 m - an amulet of guardian spirit (around mantle)
Scrolls
 d - a scroll of fear {unknown}
 e - a scroll of fog {unknown}
 f - 4 scrolls of identify {unknown}
 g - 2 scrolls of enchant weapon {unknown}
 h - 2 scrolls of immolation {unknown}
 n - a scroll of teleportation {unknown}
 o - a scroll of remove curse {unknown}
 q - a scroll of recharging {unknown}
Potions
 i - a potion of ambrosia {unknown}
 k - a potion of lignification {unknown}
 l - a potion of flight {unknown}
 r - a potion of magic {unknown}
 s - a potion of might {unknown}
 t - 2 potions of berserk rage {unknown}
 u - a potion of heal wounds {unknown}
Books
 b - a book of Changes

   Spells                             Type                      Level
   a - Beastly Appendage              Transmutation                1
   b - Sticks to Snakes               Transmutation                2
   c - Spider Form                    Transmutation/Poison         3
   d - Ice Form                       Ice/Transmutation            4
   e - Blade Hands                    Transmutation                5
Comestibles
 c - a bread ration
 j - 2 slices of pizza
 p - 4 chunks of flesh


   Skills:
 + Level 2.4 Fighting
 + Level 2.3 Dodging
 * Level 4.4 Unarmed Combat
 - Level 2.0 Spellcasting
 - Level 2.0 Transmutations


You had 6 spell levels left.
You knew the following spells:

 Your Spells              Type           Power        Failure   Level  Hunger
a - Beastly Appendage     Tmut           #.....       12%         1    #......


Dungeon Overview and Level Annotations

Branches:
Dungeon (3/15)

Altars:

Annotations:
D:3 Natasha


Innate Abilities, Weirdness & Mutations

You cannot wear most types of armour.
You are very stealthy in the water. (Stealth+)
You are amphibious.
You can wear up to eight rings at the same time.
You can use your tentacles to constrict eight enemies at once.
Your skin changes colour to match your surroundings (Stealth+).
Your rubbery body absorbs attacks. (AC +1, EV +1)


Message History

You constrict Natasha, but do no damage.
The shadow imp hits you. The kobold misses you. Natasha claws you.
You barely miss Natasha.
Natasha is moderately wounded.
You constrict Natasha. The shadow imp hits you. The kobold hits you.
Natasha barely misses you.
You tentacle-slap Natasha. Your squeeze misses Natasha.
Natasha is severely wounded.
You constrict Natasha. The shadow imp hits you. The kobold hits you.
* * * LOW HITPOINT WARNING * * *
Natasha claws you.
* * * LOW HITPOINT WARNING * * *
Unknown command.
You closely miss the kobold. Your grab misses the kobold.
You constrict Natasha. The shadow imp hits you.
* * * LOW HITPOINT WARNING * * *
The kobold closely misses you.
Natasha stares at you and mumbles some strange words.
The magic dart hits you!
You die...

## ############## # # #
# # # .##.# # ##.....
### ##..?(# ..# #.....#
#.##############@h##.##
#...............5K......
################...###.#
#.#..... .[...##. #.#.##
#.#.# #.# # [.


You could see Natasha, a shadow imp and a kobold.

Vanquished Creatures
  3 gnolls (D:2)
  A dart slug (D:2)
  3 leopard geckos (D:1)
  3 ball pythons
  3 giant cockroaches (D:1)
  6 hobgoblins
  8 jackals
  A quokka (D:2)
  3 bats
  3 frilled lizards (D:1)
  8 goblins
  7 kobolds
  9 rats
58 creatures vanquished.

Notes
Turn   | Place    | Note
-------+----------+-------------------------------------------
     0 | D:1      | wazuzu the Octopode Transmuter began the quest for the Orb.
     0 | D:1      | Reached XP level 1. HP: 13/13 MP: 3/3
   183 | D:1      | Reached XP level 2. HP: 14/18 MP: 5/5
   809 | D:1      | Reached XP level 3. HP: 24/24 MP: 6/6
  1136 | D:1      | Reached skill level 4 in Unarmed Combat
  1651 | D:2      | Reached XP level 4. HP: 19/29 MP: 7/7
  2258 | D:3      | Noticed Natasha
  2269 | D:3      | Killed from afar by Natasha

Vault maps used:
D:1:      sevenhm_arrival_forest_fort_large_2, st_stairs_5
D:3:      uniq_natasha

Skill      XL: |  1  2  3 |
---------------+----------+-----
Fighting       | 2 |  2.4
Unarmed Combat | 4 |  4.4
Dodging        | |  2.3
Spellcasting   | |  2.0
Transmutations | |  2.0

Action                   |  1- 3 |  4- 6 || total
-------------------------+-------+-------++-------
Melee: Unarmed           |    92 |    43 ||   135
       Constrict         |    31 |    14 ||    45
       Tentacles         |    17 |     8 ||    25
       Punch             |     1 |     3 ||     4
  Use: Scroll            |     1 |       ||     1
 Stab: Sleeping          |     2 |     2 ||     4
  Eat: Chunk             |     2 |     2 ||     4
Armor: Skin              |     4 |     2 ||     6
Dodge: Dodged            |    55 |    41 ||    96
